 Dungeon Crawl Stone Soup version 0.31.0-11-ge490571c62 (webtiles) character file.

Game seed: 7882492667218146346

57 qw the Shooter (level 3, -2/20 HPs)
             Began as a Deep Elf Hunter on Feb 3, 2024.
             Slain by an orc
             ... wielding a +0 mace
              (3 damage)
             ... on level 2 of the Dungeon.
             The game lasted 00:00:03 (723 turns).

qw the Shooter (Deep Elf Hunter)                     Turns: 723, Time: 00:00:03

Health: -2/20      AC:  3    Str: 10    XL:     3   Next: 73%
Magic:  5/5        EV: 12    Int: 13    God:
Gold:   32         SH:  0    Dex: 18    Spells: 2/2 levels left

rFire   . . .        a - +0 shortbow
rCold   . . .        (shield currently unavailable)
rNeg    . . .        c - +0 leather armour
rPois   .            (no helmet)
rElec   .            (no cloak)
rCorr   .            (no gloves)
SInv    +            (no boots)
Will    .....        (no amulet)
Stlth   ++           g - ring of see invisible
HPRegen 0.23/turn    (no ring)
MPRegen 0.09/turn

%: no passive effects
@: no status effects
A: no striking features
a: no special abilities


You were on level 2 of the Dungeon.
You visited 1 branch of the dungeon, and saw 2 of its levels.

You collected 32 gold pieces.


   Skills:
 - Level 1.5 Fighting
 + Level 7.2 Ranged Weapons
 - Level 2.4 Dodging
 - Level 1.2 Stealth


You had 2 spell levels left.
You didn't know any spells.
Your spell library was empty.

Inventory:

Hand Weapons
 a - a +0 shortbow (weapon)
Armour
 c - a +0 leather armour (worn)
Jewellery
 g - a ring of see invisible (left hand)
Wands
 b - a wand of flame (8)
Scrolls
 d - a scroll of enchant armour {unknown}
Potions
 e - a potion of heal wounds
 h - a potion of invisibility {unknown}
 i - 2 potions of brilliance {unknown}

Dungeon Overview and Level Annotations

Branches:
Dungeon (2/15)

Altars:


Message History

An orc wizard and 3 orcs come into view.
You shoot an arrow. The arrow hits the orc wizard.
The orc wizard shouts!
The orc wizard is moderately wounded.
The orc shouts!
You hear a shout!
The orc shouts!
You shoot an arrow.
The arrow hits the orc wizard but does no damage.
The orc wizard is moderately wounded.
An orc comes into view. It is wielding a +0 mace.
Enter note:
Enter note:
715 ||| RETREEEEATING.
You shoot an arrow. The arrow hits the orc wizard!
The orc wizard is severely wounded.
The orc wizard points at you and mumbles some strange words.
The puff of flame misses you.
You shoot an arrow. The arrow hits the orc wizard.
The orc wizard is almost dead.
The orc wizard points at you and mumbles some strange words.
The puff of flame hits you.
You shoot an arrow.
The arrow closely misses the orc wizard.
The orc wizard casts a spell at you. You resist with some effort.
You shoot an arrow. The arrow completely misses the orc.
The orc hits you with a +0 hand axe.
You shoot an arrow. The arrow hits the orc.
The orc is heavily wounded.
The orc hits you but does no damage.
You shoot an arrow. The arrow hits the orc!
You kill the orc!
The orc hits you with a +0 mace.
You shoot an arrow. The arrow hits the orc wizard.
You kill the orc wizard!
The orc hits you but does no damage. The orc misses you.
Your Ranged Weapons skill increases to level 7!
You shoot an arrow.
The arrow hits the orc but does no damage.
The orc hits you with a +0 whip. The orc hits you with a +0 mace.
You die...

#..........#
######..........#
#...##..........#
#...##..........#
#####...##..........#
..^...............).#
#...##..........#
.######o@.##..........###
.......oo................
###.....###########......
#.....#.. #######
#.###.|>.. ... # #.....o
### #....o.o # #........
.. .......... #. ##


You could see 3 orcs.

Vanquished Creatures
  An orc wizard (D:2)
  A dart slug (D:1)
  An orc (D:2)
  3 ball pythons (D:1)
  2 endoplasms (D:1)
  A giant cockroach (D:1)
  4 goblins (D:1)
  3 hobgoblins (D:1)
  4 jackals (D:1)
  A quokka (D:1)
  2 bats (D:1)
  A frilled lizard (D:1)
  2 kobolds
26 creatures vanquished.

Notes
Turn   | Place    | Note
-------+----------+-------------------------------------------
     0 | D:1      | qw the Deep Elf Hunter began the quest for the Orb.
     0 | D:1      | Reached XP level 1. HP: 12/12 MP: 3/3
     0 | D:1      | 0 ||| qw: Version: 0.3-a-158-g18b3111
     0 | D:1      | 0 ||| qw: Game counter: 4259
     0 | D:1      | 0 ||| qw: Melee chars always use a shield: true
     0 | D:1      | 0 ||| qw: God list: Okawaru
     0 | D:1      | 0 ||| qw: Allow faded altars: false
     0 | D:1      | 0 ||| qw: Do Orc after clearing Dungeon:15 true
     0 | D:1      | 0 ||| qw: Do second Lair branch before Depths: true
     0 | D:1      | 0 ||| qw: Lair rune preference: random
     0 | D:1      | 0 ||| qw: Goals: Normal
     0 | D:1      | 0 ||| PLANNING D:1-11
   203 | D:1      | Reached skill level 6 in Ranged Weapons
   203 | D:1      | Reached XP level 2. HP: 16/16 MP: 4/4
   327 | D:1      | 327 ||| UPGRADING to ring of see invisible.
   328 | D:1      | 328 ||| READING scroll labelled WADANIB KOQAPPEBBE.
   329 | D:1      | 329 ||| DROPPING scroll of butterflies.
   474 | D:1      | Reached XP level 3. HP: 20/20 MP: 5/5
   598 | D:1      | 598 ||| READING 2 scrolls labelled ZYKHLOXOYLA.
   598 | D:1      | 598 ||| IDENTIFYING puce potion
   599 | D:1      | 599 ||| READING scroll of identify.
   599 | D:1      | 599 ||| IDENTIFYING silvery potion
   600 | D:1      | 600 ||| DROPPING potion of ambrosia.
   715 | D:2      | 715 ||| RETREEEEATING.
   723 | D:2      | Reached skill level 7 in Ranged Weapons
   723 | D:2      | HP: 1/20 [orc/+0 whip (6)]
   723 | D:2      | Slain by an orc

Levels and vault maps discovered:
D:1:      ldierk_walled_garden_2, layout_basic,
          nicolae_concentric_dashed_squares_wild
D:2:      layout_basic, st_stairs_5, chequers_serial_rivers_large_a

Skill      XL: |  1  2  3 |
---------------+----------+-----
Ranged Weapons | 6 7 |  7.2
Fighting       | |  1.5
Dodging        | |  2.4
Stealth        | |  1.2

Action                     || total
---------------------------++-------
   Fire: Shortbow          ||    71
    Use: Scroll            ||     3
 Armour: Leather armour    ||    18
  Dodge: Dodged            ||    20

Table legend:
 A = Non-vault XP
 B = Vault XP
 C = Vault XP percentage of total XP
 D = Non-vault monster count
 E = Vault monster count
 F = Vault count percentage of total count
                 A         B        C        D         E       F
            +---------+---------+-------+---------+---------+-------
      Total |      82 |       0 |   0.0 |      26 |       0 |   0.0
            +---------+---------+-------+---------+---------+-------
        D:1 |      42 |       0 |   0.0 |      23 |       0 |   0.0
        D:2 |      40 |       0 |   0.0 |       3 |       0 |   0.0
            +---------+---------+-------+---------+---------+-------
